 Dungeon Crawl Stone Soup version 0.17-a0-777-g32247ce (webtiles) character file.

119 inmateoo the Ruffian (level 5, -4/45 (46) HPs)
             Began as a Ghoul Monk on Apr 25, 2015.
             Slain by an iguana (8 damage)
             ... on level 4 of the Dungeon.
             The game lasted 00:04:35 (2240 turns).

inmateoo the Ruffian (Ghoul Monk)                   Turns: 2240, Time: 00:04:35

HP:   -4/45 (46)    AC:  4    Str: 15    XL:     5   Next: 3%
MP:   4/4           EV: 12    Int:  5    God:
Gold: 150           SH:  0    Dex: 12    Spells: 0 memorised, 4 levels left

rFire  + . .     SeeInvis .       - Unarmed
rCold  + + .     Clarity  .     a - +0 robe
rNeg   + + +     SustAb   .     (no shield)
rPois  ∞         Gourm    .     (no helmet)
rElec  +         Spirit   .     h - +1 cloak
rCorr  +         Warding  .     (no gloves)
rMut   .         Stasis   .     (no boots)
MR     .....                    (no amulet)
Stlth  +++.......               (no ring)
                                k - ring of stealth

@: resistant, rotting, not resistant to hostile enchantments, fairly stealthy
A: rotting body, claws 1, carnivore 3, cold resistance 1, negative energy
resistance 3, slow healing 1, torment resistance, unbreathing
a: no special abilities


You were on level 4 of the Dungeon.
You were not hungry.

You visited 1 branch of the dungeon, and saw 4 of its levels.

You collected 150 gold pieces.

Inventory:

Armour
 a - a +0 robe (worn)
 h - a +1 cloak (worn)
Jewellery
 k - a ring of stealth (left claw)
Scrolls
 m - a scroll of remove curse
 n - a scroll of amnesia {unknown}
Potions
 c - a potion of curing {unknown}
 e - a potion of resistance
 f - 2 potions of invisibility {unknown}
 l - a potion of ambrosia {unknown}
 o - a potion of brilliance {unknown}
 p - 2 potions of heal wounds {unknown}
 q - 2 potions of agility {unknown}
 r - a potion of mutation {unknown}
 t - a potion of magic
Comestibles
 b - 6 meat rations
 d - a royal jelly
 i - 2 slices of pizza
 j - 2 beef jerkies


   Skills:
 + Level 4.1 Fighting
 - Level 2.6 Dodging
 - Level 2.1 Stealth
 * Level 6.2 Unarmed Combat


You had 4 spell levels left.
You didn't know any spells.

Dungeon Overview and Level Annotations

Branches:
Dungeon (4/15)
 Temple: D:4-7

Altars:


Innate Abilities, Weirdness & Mutations

Your body is rotting away.
You thrive on raw meat.
You are immune to poison.
You have sharp fingernails.
You are carnivorous and can eat meat at any time.
Your flesh is cold resistant.
You are immune to negative energy.
You heal slowly when monsters are visible.
You are immune to unholy pain and torment.
You can survive without breathing.


Message History

You can't eat that!
You start resting.
An iguana is nearby!
Items here: ))) [[ a dagger; a scale mail; a mace of protection; a leather armour; a short sword You barely miss the iguana.
The iguana hisses angrily.
The iguana hisses menacingly.
The iguana bites you!
You scratch the iguana but do no damage.
The iguana bites you.
You scratch the iguana but do no damage.
The iguana bites you!
* * * LOW HITPOINT WARNING * * *
You are too injured to fight recklessly!
Drink which item? (? for menu, Esc to quit)
It was a potion of resistance.
You feel protected. The iguana bites you!
You die...

####### #...@l#
#.###.# .
.###?....# ...
..........# ....
.####....# .....
#....#
.......####....#
........<......#
........###!..##


You could see an iguana.

Vanquished Creatures
  An adder (D:3)
  3 gnolls (D:3)
  An ooze (D:1)
  5 worms
  A giant gecko (D:2)
  4 orcs
  8 hobgoblins
  A quokka (D:2)
  13 bats
  3 giant cockroaches
  6 giant newts
  3 goblins
  9 kobolds
  5 rats
63 creatures vanquished.

Notes
Turn   | Place    | Note
--------------------------------------------------------------
     0 | D:1      | inmateoo, the Ghoul Monk, began the quest for the Orb.
     0 | D:1      | Reached XP level 1. HP: 19/19 MP: 0/0
    73 | D:1      | Reached XP level 2. HP: 21/26 MP: 1/1
   637 | D:1      | Reached skill level 5 in Unarmed Combat
   815 | D:1      | Reached XP level 3. HP: 29/29 MP: 2/2
  1569 | D:3      | Reached XP level 4. HP: 29/39 MP: 3/3
  2018 | D:3      | Reached skill level 6 in Unarmed Combat
  2097 | D:4      | Noticed an ogre
  2126 | D:4      | Reached XP level 5. HP: 11/45 MP: 4/4
  2240 | D:4      | Slain by an iguana

Action                   |  1- 3 |  4- 6 || total
-------------------------+-------+-------++-------
Melee: Unarmed           |   152 |    78 ||   230
  Use: Scroll            |     3 |     2 ||     5
       Potion            |       |     1 ||     1
 Stab: Sleeping          |     3 |     3 ||     6
  Eat: Chunk             |    12 |     9 ||    21
